 Dungeon Crawl Stone Soup version 0.29-a0-197-ge3fb4bd5a4 (webtiles) character file.

Game seed: 15844328984779189514

2 Hasart the Vexing (level 1, 0/10 HPs)
             Began as a Vampire Enchanter on Feb 23, 2022.
             Slain by a goblin
             ... wielding a +0 dagger
              (2 damage)
             ... on level 1 of the Dungeon.
             The game lasted 00:00:10 (86 turns).

Hasart the Vexing (Vampire Enchanter)                 Turns: 86, Time: 00:00:10

Health: 0/10       AC:  2    Str:  7    XL:     1   Next: 25%
Magic:  3/3        EV: 12    Int: 17    God:
Gold:   16         SH:  0    Dex: 14    Spells: 4/4 levels left

rFire   . . .      SeeInvis +   a - +1 dagger
rCold   + + .      Faith    .   (no shield)
rNeg    + + +      Spirit   .   b - +0 robe
rPois   ∞          Reflect  .   (no helmet)
rElec   .          Harm     .   (no cloak)
rCorr   .          Rampage  .   (no gloves)
Will    .....                   (no boots)
Stlth   +++++.....              (no amulet)
HPRegen 0.00/turn               (no ring)
MPRegen 0.08/turn               (no ring)

@: bloodless, inhibited regen
A: bloodless, fangs 3, see invisible, vampiric 1
a: Revivify


You were on level 1 of the Dungeon.
You visited 1 branch of the dungeon, and saw 1 of its levels.

You collected 16 gold pieces.

Inventory:

Hand Weapons
 a - a +1 dagger (weapon)
Armour
 b - a +0 robe (worn)
Scrolls
 e - a scroll of identify {unknown}
Potions
 c - a potion of invisibility
 d - a potion of brilliance {unknown}


   Skills:
 * Level 1.2 Short Blades
 + Level 2.2 Dodging
 + Level 4.4 Stealth
 + Level 2.0 Spellcasting
 + Level 4.4 Hexes


You had 4 spell levels left.
You didn't know any spells.
Your spell library contained the following spells:

 Spells                   Type           Power      Damage    Failure   Level
 Confusing Touch          Hex            16%        N/A       10%         3
 Tukima's Dance           Hex            16%        N/A       10%         3
 Ensorcelled Hibernation  Hex/Ice        18%        N/A       12%         2
 Dazzling Flash           Conj/Hex       18%        N/A       24%         3


Dungeon Overview and Level Annotations

Branches:
Dungeon (1/15)

Altars:


Innate Abilities, Weirdness & Mutations

You do not regenerate when monsters are visible.
You are frail without blood (-20% HP).
You can heal yourself when you bite living creatures.
You are immune to poison.
You have razor-sharp teeth.
You have supernaturally acute eyesight. (SInv)
You are afflicted with vampirism.


Message History

Found a staircase leading out of the dungeon.
Found two human skeletons.
d - a bubbling pink potion
e - a scroll labelled YCSIYZYGUI You now have 5 gold pieces.
You now have 16 gold pieces (gained 11).
Found a stone staircase leading down.
There is a stone staircase leading down here.
A ball python and a goblin come into view.
There are monsters nearby!
There are monsters nearby!
There are monsters nearby!
You begin bloodletting.
You continue bloodletting. x4
The ball python hisses angrily.
You continue bloodletting.
The goblin shouts!
You hear a shout!
HP restored.
You become bloodless.
You closely miss the ball python. The ball python bites you.
The ball python closely misses you. The ball python misses you.
The ball python barely misses you.
You hit the ball python.
The ball python is severely wounded.
A goblin comes into view. It is wielding a +0 dagger.
The ball python bites you. The ball python closely misses you.
You completely miss the ball python. You bite the ball python.
You kill the ball python!
You hit the goblin.
The goblin is severely wounded.
The goblin barely misses you.
You hit the goblin.
You kill the goblin!
The goblin closely misses you.
You hit the goblin but do no damage. Your punch misses the goblin.
The goblin hits you with a +0 dagger.
* * * LOW HITPOINT WARNING * * *
You barely miss the goblin. The goblin hits you but does no damage.
You closely miss the goblin. The goblin misses you.
You barely miss the goblin. Your bite misses the goblin.
The goblin hits you with a +0 dagger.
You die...

#.#.# #.#.#
#.#.# #.#.#
#.#>#
#.#.#########
#
#.#.........#
#
#.#########.#
# #.# #@#
######.# #g#
.......#
#..)...#
########
#.#$...# ....
#.####.# ..8.
# #.. ÷÷..
### ÷..^ ..8.


You could see a goblin.

Vanquished Creatures
  A goblin (D:1)
  A ball python (D:1)
2 creatures vanquished.

Notes
Turn   | Place    | Note
-------+----------+-------------------------------------------
     0 | D:1      | Hasart the Vampire Enchanter began the quest for the Orb.
     0 | D:1      | Reached XP level 1. HP: 13/13 MP: 3/3
    86 | D:1      | Slain by a goblin

Illustrated notes

Levels and vault maps discovered:
D:1:      giann_forest_graveyard, layout_basic,
          hellmonk_ecumenical_altar_defaced_shrine, minmay_pentomino_q4

Action                   || total
-------------------------++-------
Melee: Dagger            ||     9
       Bite              ||     1
 Abil: Exsanguinate      ||     1
Armor: Robe              ||     1
Dodge: Dodged            ||     7

Table legend: (Time is in decaauts)
 A = Elapsed time spent in this place.
 B = Non-inter-level travel time spent in this place.
 C = Inter-level travel time spent in this place.
 D = Time resting spent in this place.
 E = Time spent auto-exploring this place.
 F = Levels seen in this place.
 G = Mean time per level.
                   A        B        C        D        E       F      G
               +--------+--------+--------+--------+--------+-----+--------+
         Total |     85 |     85 |      0 |      0 |     65 |   1 |   85.0 |
       Dungeon |     85 |     85 |      0 |      0 |     65 |   1 |   85.0 |
               +--------+--------+--------+--------+--------+-----+--------+

Top non-repeatable levels by time:
     D:1: 85 daAuts
